Map: Triton LE

Players

SortOf

  • Race: Zerg Zerg
  • League: Master
  • Spawn Location: 11:00

lIIllllIIlll (INnoVation) - Winner!

  • Race: Terran Terran
  • League: Master
  • Spawn Location: 5:00

Event: HomeStory Cup XX

VOD

Have the link to the VOD?

Description

Time

  • Played on: Nov. 21, 2019, 3:51 p.m.
  • Length: 13:42

All games in this series

Show
View Real Time Build Order
Export as new Build Order

SortOf Zerg 

Build Orders: Hatch First, Lurkers 

Get SALT Encoding   

  12  0:00  Drone  
  13  0:12  Overlord  
  13  0:16  Drone  
  14  0:30  Drone x2  
  16  0:47  Hatchery  
  15  0:51  Drone  
  15  0:55  Drone  
  17  0:58  Drone  
  18  1:10  Extractor  
  17  1:14  Spawning Pool  
  17  1:15  Drone  
  17  1:20  Drone  
  18  1:27  Drone  
  19  1:38  Drone  
  20  1:51  Overlord  
  20  2:00  Queen x2  
  20  2:01  Zergling x4  
  26  2:10  Drone  
  26  2:11  Drone  
  26  2:14  Metabolic Boost  
  28  2:21  Drone x2  
  30  2:34  Overlord  
  30  2:35  Drone  
  31  2:39  Queen  
  33  2:47  Drone x2  
  35  2:56  Overlord  
  35  2:59  Drone  
  36  3:06  Hatchery  
  36  3:07  Drone  
  36  3:08  Drone  
  36  3:11  Pneumatized Carapace  
  36  3:12  Drone  
  38  3:19  Queen  
  40  3:20  Drone  
  40  3:22  Drone  
  40  3:25  Drone  
  43  3:31  Drone x3  
  46  3:38  Zergling x2  
  47  3:49  Drone x2  
  47  3:52  Drone x2  
  47  3:53  Drone  
  52  3:59  Overlord  
  52  4:03  Overlord  
  52  4:08  Overlord, Baneling Nest  
  51  4:12  Drone  
  51  4:13  Spore Crawler  
  51  4:17  Queen, Drone  
  51  4:20  Zergling x2  
  51  4:21  Zergling x10  
  60  4:24  Drone  
  60  4:25  Queen  
  60  4:30  Extractor  
  62  4:31  Drone x2  
  64  4:40  Drone x2  
  61  4:52  Drone x5  
  59  4:53  Drone x3  
  59  4:55  Drone  
  59  4:58  Drone  
  63  5:01  Lair  
  63  5:04  Drone x3  
  66  5:09  Drone x3, Evolution Chamber  
  66  5:10  Evolution Chamber  
  66  5:12  Queen  
  69  5:18  Drone x2  
  70  5:24  Drone  
  71  5:32  Drone x3  
  74  5:37  Drone x5  
  74  5:39  Hatchery  
  74  5:40  Drone x3  
  74  5:41  Extractor x2, Overlord  
  79  5:43  Extractor, Overlord  
  76  5:58  Drone  
  76  5:59  Drone x2  
  76  6:02  Centrifical Hooks  
  79  6:05  Zerg Melee Weapons Level 1  
  79  6:07  Drone x9  
  79  6:08  Overlord  
  88  6:12  Zergling x2  
  88  6:13  Baneling  
  88  6:14  Extractor, Baneling x2  
  88  6:18  Zergling x6  
  91  6:19  Overseer  
  91  6:24  Overlord  
  91  6:29  Zergling x4  
  93  6:33  Hydralisk Den  
  93  6:34  Zerg Ground Armor Level 1  
  93  6:36  Zergling x6  
  95  6:40  Baneling x3  
  95  6:45  Zergling x2  
  95  6:46  Zergling x16  
  104  6:52  Drone x3  
  107  6:56  Overlord  
  107  7:01  Drone  
  108  7:14  Drone x5  
  99  7:18  Drone x6  
  99  7:19  Drone  
  99  7:27  Hydralisk x8  
  99  7:29  Muscular Augments  
  115  7:33  Infestation Pit  
  115  7:34  Drone  
  115  7:35  Lurker Den  
  115  7:36  Extractor x2  
  112  7:37  Drone x2  
  112  7:42  Hydralisk  
  112  7:43  Zergling x2  
  117  7:46  Baneling x2  
  117  7:51  Zergling x2  
  117  7:52  Zergling x14  
  121  8:04  Drone x2  
  121  8:06  Drone  
  121  8:07  Zergling x12  
  121  8:11  Hive  
  128  8:13  Overlord  
  128  8:14  Overlord  
  128  8:16  Baneling x5  
  126  8:27  Zerg Melee Weapons Level 2  
  126  8:28  Zergling x2  
  126  8:30  Baneling  
  126  8:31  Baneling x9  
  126  8:32  Zergling x4, Hydralisk x2  
  126  8:33  Zergling x14, Hydralisk  
  142  8:39  Drone  
  142  8:41  Grooved Spines  
  143  8:44  Overlord  
  141  8:51  Zerg Ground Armor Level 2  
  141  8:52  Overlord  
  141  8:54  Drone x2, Overlord  
  143  9:00  Overlord  
  143  9:01  Lurker  
  143  9:02  Overlord x4  
  144  9:04  Lurker  
  144  9:05  Lurker x2  
  144  9:06  Zergling x6, Hydralisk  
  152  9:16  Hatchery  
  151  9:18  Zergling x26  
  151  9:23  Zergling x20  
  162  9:34  Seismic Spines  
  162  9:37  Adrenal Glands  
  162  9:43  Baneling x5, Overlord  
  162  9:51  Baneling x2  
  162  9:55  Hydralisk  
  160  10:02  Hydralisk x8  
  174  10:09  Drone x2  
  174  10:10  Lurker  
  177  10:17  Hydralisk  
  177  10:18  Hydralisk x4  
  177  10:19  Zergling x10  
  192  10:26  Baneling x2  
  192  10:30  Extractor  
  192  10:32  Extractor, Zergling x8  
  192  10:33  Zergling x6  
  184  10:40  Overseer, Lurker x2  
  184  10:42  Lurker x2  
  188  10:46  Zergling x18  
  188  10:49  Adaptive Talons  
  192  10:57  Zerg Melee Weapons Level 3  
  192  11:03  Zergling x14  
  199  11:10  Baneling, Overlord  
  198  11:13  Overlord  
  198  11:25  Zergling x28  
  182  11:33  Viper x2  
  182  11:38  Zergling x4, Hydralisk x2  
  167  11:44  Zergling x8  
  152  11:53  Hatchery  
  151  11:57  Lurker x5  
  156  12:02  Hydralisk x8  
  170  12:10  Baneling x7  
  170  12:12  Zergling x2, Hydralisk x3  
  170  12:13  Zergling x2  
  178  12:23  Zergling x2, Hydralisk x7  
  178  12:24  Zergling x8  
  197  12:31  Hatchery  
  192  12:37  Hydralisk x4  
  189  12:46  Viper  
  189  12:49  Zergling x28  
  190  12:57  Zergling x16  
  193  13:01  Viper x2  
  193  13:03  Zergling x2, Hydralisk  
  193  13:04  Zergling x2  
  184  13:09  Zergling x8  
  168  13:20  Zergling x8  
  168  13:22  Zergling x2  
Show
View Real Time Build Order
Export as new Build Order

lIIllllIIlll Terran - Winner!

Build Orders: Liberator Opening, Reaper Expand 

Get SALT Encoding   

  12  0:00  SCV  
  13  0:12  SCV  
  14  0:18  Supply Depot  
  14  0:25  SCV  
  15  0:39  SCV  
  15  0:41  Barracks  
  16  0:43  Refinery  
  16  0:51  SCV  
  17  1:03  SCV  
  18  1:15  SCV  
  19  1:28  Orbital Command, Reaper  
  20  1:39  Command Center  
  20  1:49  Supply Depot  
  20  1:53  SCV  
  21  2:00  Marine  
  22  2:06  SCV  
  23  2:10  Factory  
  23  2:12  Refinery  
  23  2:18  SCV  
  23  2:20  Barracks Reactor  
  24  2:30  SCV  
  25  2:42  SCV  
  25  2:51  Orbital Command  
  26  2:54  SCV  
  26  2:55  Starport  
  27  3:01  Hellion x2  
  31  3:07  Barracks Tech Lab, SCV  
  32  3:17  SCV  
  32  3:19  SCV  
  34  3:22  Hellion x2  
  38  3:28  Supply Depot  
  38  3:29  Marine  
  38  3:30  Medivac  
  38  3:31  Stimpack  
  41  3:36  SCV x2  
  43  3:47  Marine  
  44  3:49  Hellion  
  44  3:50  Hellion  
  44  3:51  SCV x2  
  44  3:53  Supply Depot  
  50  3:57  Liberator  
  50  4:03  SCV  
  50  4:04  SCV  
  50  4:05  Marine  
  56  4:17  Command Center  
  56  4:20  SCV x2  
  56  4:21  Factory Tech Lab  
  58  4:26  Marine  
  58  4:27  Supply Depot  
  59  4:33  SCV x2  
  59  4:37  Barracks x2  
  61  4:47  SCV  
  61  4:49  Siege Tank, SCV  
  64  4:58  Starport Reactor  
  64  4:59  SCV  
  59  5:01  Engineering Bay x2, SCV  
  59  5:04  Marine  
  61  5:09  Refinery  
  61  5:11  SCV  
  61  5:12  Refinery  
  61  5:13  SCV  
  63  5:15  Combat Shield  
  63  5:23  SCV  
  63  5:25  SCV  
  63  5:27  Marine x3, Barracks Reactor  
  68  5:29  Orbital Command  
  68  5:35  Terran Infantry Armor Level 1, SCV  
  69  5:37  SCV  
  69  5:38  Terran Infantry Weapons Level 1  
  70  5:45  Marine x3  
  70  5:47  Medivac, SCV  
  77  5:50  SCV  
  77  5:54  Barracks  
  77  5:55  Supply Depot  
  77  5:56  Orbital Command  
  77  5:59  Siege Tank, SCV  
  77  6:00  Barracks  
  77  6:02  SCV  
  82  6:07  Marine x3  
  82  6:08  Supply Depot  
  85  6:16  Marine x2, Supply Depot  
  85  6:17  SCV x2  
  89  6:25  SCV  
  90  6:28  Marine x3  
  90  6:30  SCV x2  
  90  6:31  Supply Depot  
  90  6:32  Supply Depot, Siege Tank  
  98  6:34  Marine x2  
  98  6:37  Armory  
  98  6:39  Medivac x2  
  104  6:44  SCV x3  
  104  6:45  Barracks Reactor  
  107  6:48  Barracks Reactor  
  107  6:53  Refinery  
  107  6:54  Refinery, Marine x4  
  107  6:55  Marine  
  107  6:58  Supply Depot  
  107  6:59  Supply Depot  
  112  7:02  SCV x3  
  118  7:08  Siege Tank  
  118  7:14  SCV x3  
  116  7:19  Marine x2  
  116  7:20  Marine x3  
  109  7:26  SCV x2  
  109  7:27  SCV  
  112  7:32  Terran Infantry Weapons Level 2, Terran Infantry Armor Level 2  
  112  7:38  SCV  
  112  7:39  Marine x2, SCV x2  
  112  7:40  Marine x2  
  112  7:41  Marine x2  
  121  7:45  Factory  
  121  7:46  Terran Vehicle And Ship Armor Level 1  
  121  7:53  Siege Tank  
  121  7:58  Command Center  
  123  8:01  Marine x4  
  123  8:02  Marine x5  
  123  8:04  Medivac x2  
  131  8:15  Supply Depot  
  131  8:17  Supply Depot, Sensor Tower  
  131  8:19  Marine x3  
  134  8:20  Barracks  
  134  8:23  Barracks  
  134  8:24  Barracks  
  129  8:27  Siege Tank  
  129  8:30  Marine x6  
  138  8:34  Medivac  
  138  8:37  Marine, Medivac, Factory Tech Lab  
  138  8:38  Supply Depot  
  138  8:39  SCV x3  
  138  8:40  Supply Depot  
  146  8:53  Marine  
  146  8:54  Marauder, Marine x7  
  156  8:58  SCV  
  156  8:59  Supply Depot  
  156  9:00  Supply Depot, SCV x2  
  156  9:01  Supply Depot  
  159  9:11  Barracks Tech Lab x3  
  159  9:13  Siege Tank x2  
  164  9:19  SCV x2  
  165  9:30  Marauder x3  
  157  9:33  Marine x4  
  157  9:34  Marine x5  
  166  9:39  Planetary Fortress  
  166  9:41  SCV x3  
  169  9:47  Medivac  
  169  9:48  Medivac  
  169  9:51  Marine x2  
  169  9:52  Terran Infantry Weapons Level 3, Terran Infantry Armor Level 3  
  171  10:01  Marauder x2, Marine  
  170  10:08  Siege Tank  
  170  10:09  Marauder x2  
  170  10:11  Siege Tank  
  170  10:12  Marine x4  
  170  10:14  SCV x2  
  186  10:15  SCV  
  186  10:21  Refinery x2  
  187  10:22  Marauder  
  187  10:26  Medivac  
  191  10:30  Terran Vehicle And Ship Armor Level 2  
  191  10:33  Marauder x2  
  189  10:36  Marine x7  
  196  10:43  Siege Tank  
  196  10:48  Command Center  
  199  10:59  Marine  
  200  11:06  Starport, Fusion Core  
  200  11:07  Starport  
  200  11:11  Missile Turret  
  186  11:20  Marine, Marauder x3  
  190  11:29  Marine x7, Marauder  
  197  11:38  Marine  
  167  11:41  Marauder  
  167  11:42  Marauder, Marine, Liberator x2  
  167  11:46  Marine  
  166  11:47  Marine x5  
  166  11:51  Siege Tank x2  
  166  11:52  Starport Reactor x2  
  166  11:53  Marauder  
  179  11:55  Marine x2  
  179  11:57  Advanced Ballistics  
  179  12:00  Marauder  
  189  12:02  Marine  
  189  12:03  Marauder  
  189  12:04  Marine x3  
  189  12:05  Marine x3  
  198  12:08  SCV  
  198  12:09  SCV  
  200  12:20  Ghost Academy  
  200  12:27  Liberator x2  
  200  12:30  Planetary Fortress  
  186  12:37  Marine x7, Marauder x2  
  186  12:38  Marauder, Marine x2  
  197  12:55  Marine x3  
  198  12:59  Marauder  
  198  13:03  Command Center  
  198  13:04  Command Center  
  196  13:06  Command Center  
Tags
 
Add a new tag
Caveats
  • Supply blocks, unpowered buildings, or Contaminate may cause inaccurate times.
  • Supply counts are checked every 10 seconds.